[Event "Sunday 21 January Rapid Engine Tour 12+1 Rounds 9 Starts 1600 ST"]
[Site "Infinity Chess"]
[Date "2018.1.21"]
[Round "8"]
[White "MarioDeMonti"]
[Black "RonWeasley"]
[Result "1/2-1/2"]
[ECO "C11"]
[WhiteElo "2465"]
[BlackElo "2503"]
[WhiteEngine "stockfish_x64_bmi2_2018_01_13_CTG"]
[BlackEngine "BrainFish 130117_CTG"]
[EventType "Swiss"]
[WhiteTeam ""]
[BlackTeam ""]
[PlyCount "67"]
[TimeControl "720+1"]

1. e4 e6 2. d4 d5 3. Nc3 Nf6 4. e5 Nfd7 5. f4 c5 6. Nf3 Nc6 7. Be3 cxd4 
8. Nxd4 Qb6 9. a3 Bc5 10. Ncb5 a6 11. Nxc6 axb5 12. Bxc5 Nxc5 13. Nd4 O-O 
14. Bxb5 Bd7 15. Bxd7 Nxd7 16. b3 f6 17. exf6 Nxf6 18. O-O Ne4 19. Qd3 g5 
20. c4 Rxf4 21. Rxf4 gxf4 22. cxd5 exd5 23. Rd1 Rxa3 24. Qf3 Ra1 25. Qg4+ Kf7 
26. Qxf4+ Kg8 27. Qb8+ Kf7 28. Qf4+ Kg6 29. Qf5+ Kh6 30. Qf8+ Kg6 31. Qg8+ Kh6 
32. Qf8+ Kg6 33. Qg8+ Kh6 34. Qf8+ 1/2-1/2

[Event "Sunday 21 January Rapid Engine Tour 12+1 Rounds 9 Starts 1600 ST"]
[Site "Infinity Chess"]
[Date "2018.1.21"]
[Round "8"]
[White "SkyPilot"]
[Black "Murx"]
[Result "1/2-1/2"]
[ECO "B90"]
[WhiteElo "2459"]
[BlackElo "2531"]
[WhiteEngine "stockfish_x64_bmi2_2018_01_13_CTG"]
[BlackEngine "BrainFish_180113_x64_modern"]
[EventType "Swiss"]
[WhiteTeam ""]
[BlackTeam ""]
[PlyCount "125"]
[TimeControl "720+1"]

1. e4 c5 2. Nf3 d6 3. d4 cxd4 4. Nxd4 Nf6 5. Nc3 a6 6. Be3 e5 7. Nb3 Be6 
8. f3 h5 9. Qd2 Nbd7 10. Nd5 Bxd5 11. exd5 g6 12. O-O-O Nb6 13. Qa5 Bh6 
14. Bxh6 Rxh6 15. Qd2 Rh8 16. Na5 Qc7 17. c4 Kf8 18. Kb1 Kg7 19. Bd3 Nbd7 
20. Rc1 Rae8 21. Rhe1 Nb8 22. Rf1 b6 23. Nb3 Nbd7 24. f4 a5 25. Qc3 Rc8 
26. f5 g5 27. Na1 b5 28. Qd2 bxc4 29. Qxg5+ Kh7 30. Rxc4 Qb6 31. Rh4 Rcg8 
32. Rxh5+ Nxh5 33. f6+ Rg6 34. Qxh5+ Kg8 35. Qf3 Rg5 36. h3 Rh6 37. g4 Rxf6 
38. Bf5 Rfxf5 39. gxf5 Nf6 40. Nc2 Qb5 41. Ne3 Qd3+ 42. Ka1 Kf8 43. a3 Qd4 
44. Re1 Qf4 45. Qe2 Rg3 46. Nc4 Qd4 47. Nxd6 Rxa3+ 48. Kb1 Nxd5 49. Nc4 Rxh3 
50. Qxe5 Qxe5 51. Rxe5 Nb4 52. Re1 Kg7 53. Nxa5 Rh4 54. Rd1 Kf6 55. Nb3 Rh2 
56. Nd4 Rf2 57. Nb5 Rxf5 58. Nc3 Rf3 59. Nd5+ Nxd5 60. Rxd5 Ke7 61. Kc2 Ke6 
62. Rd1 Rf5 63. b3 1/2-1/2

[Event "Sunday 21 January Rapid Engine Tour 12+1 Rounds 9 Starts 1600 ST"]
[Site "Infinity Chess"]
[Date "2018.1.21"]
[Round "7"]
[White "angriff"]
[Black "Katzenmaier"]
[Result "1/2-1/2"]
[ECO "E10"]
[WhiteElo "2448"]
[BlackElo "2434"]
[WhiteEngine "Raubfisch ME262_GTZ16b2_CTG"]
[BlackEngine "S_XPrO.251117.x64.POPCNT_CTG"]
[EventType "Swiss"]
[WhiteTeam ""]
[BlackTeam ""]
[PlyCount "138"]
[TimeControl "720+1"]

1. d4 Nf6 2. c4 e6 3. Nf3 d5 4. Nc3 dxc4 5. e3 a6 6. a4 b6 7. Bxc4 Bb7 
8. Qe2 Nc6 9. O-O Na5 10. Bd3 Nb3 11. Rb1 c5 12. Rd1 cxd4 13. Nxd4 Nxd4 
14. exd4 Bd6 15. Bg5 O-O 16. g3 h6 17. Be4 Bxe4 18. Bxf6 Qxf6 19. Nxe4 Qe7 
20. Nc3 Rfe8 21. d5 Bc5 22. dxe6 Qxe6 23. Qxe6 Rxe6 24. Rd7 a5 25. Kg2 g5 
26. Rbd1 Kg7 27. R1d3 Rc8 28. h3 Kg6 29. b3 f5 30. Nd5 Rf8 31. h4 Rf7 
32. h5+ Kg7 33. Nc3 g4 34. Rd8 Rfe7 35. Rd2 Bb4 36. Nd5 Bxd2 37. Nxe7 Rxe7 
38. Rxd2 Kf6 39. f4 gxf3+ 40. Kxf3 Kg5 41. Rd6 Rb7 42. Ke3 Kxh5 43. Kf4 b5 
44. Kxf5 Rg7 45. axb5 Rxg3 46. b4 axb4 47. b6 b3 48. b7 Rg5+ 49. Kf6 Rg8 
50. Rd5+ Kg4 51. Rd2 Kh4 52. Rd5 Rf8+ 53. Ke5 b2 54. Rd1 Re8+ 55. Kf5 Rf8+ 
56. Ke4 Re8+ 57. Kf5 h5 58. Rh1+ Kg3 59. Rg1+ Kh4 60. Rh1+ Kg3 61. Rg1+ Kf2 
62. Rb1 Rf8+ 63. Ke4 Re8+ 64. Kd5 Rb8 65. Rxb2+ Kg3 66. Rb5 h4 67. Rb1 h3 
68. Rg1+ Kf2 69. Rb1 Kg3 1/2-1/2

[Event "Sunday 21 January Rapid Engine Tour 12+1 Rounds 9 Starts 1600 ST"]
[Site "Infinity Chess"]
[Date "2018.1.21"]
[Round "7"]
[White "Eman"]
[Black "BraveDevil"]
[Result "1-0"]
[ECO "B91"]
[WhiteElo "2466"]
[BlackElo "2397"]
[WhiteEngine "Eman 1.65 64-bit POPCNT"]
[BlackEngine "Cryptic AIL V1"]
[EventType "Swiss"]
[WhiteTeam ""]
[BlackTeam ""]
[PlyCount "157"]
[TimeControl "720+1"]

1. e4 c5 2. Nf3 d6 3. d4 cxd4 4. Nxd4 Nf6 5. Nc3 a6 6. g3 e5 7. Nb3 Be7 
8. Bg2 Bg4 9. Qd3 O-O 10. Be3 Be6 11. O-O Nbd7 12. h3 Nb6 13. Nd2 Rc8 
14. Rfd1 g6 15. Qe2 Rc6 16. a4 Nc4 17. Nxc4 Rxc4 18. Nd5 Bxd5 19. exd5 Qc8 
20. c3 Nd7 21. Bf1 Rc7 22. a5 f5 23. c4 Qd8 24. b4 Bg5 25. c5 Bxe3 26. Qxe3 f4 
27. Qd2 fxg3 28. fxg3 Rf3 29. Kh2 e4 30. Bg2 Ne5 31. Qe2 Qg5 32. Bxf3 Nxf3+ 
33. Kg2 Nh4+ 34. Kh1 Nf5 35. Qg4 Qe3 36. Rg1 dxc5 37. Rae1 Qb3 38. Qf4 Rf7 
39. bxc5 Qxd5 40. Qxe4 Qxc5 41. Qe5 Qf8 42. Kh2 Ne7 43. Qe6 Kg7 44. Rd1 Nc6 
45. Rd7 Rxd7 46. Qxd7+ Qf7 47. Rd1 Nxa5 48. Qxf7+ Kxf7 49. Rd7+ Kg8 50. g4 b6 
51. Kg3 Nc4 52. Kf4 h6 53. g5 hxg5+ 54. Kxg5 b5 55. Kf6 g5 56. Rg7+ Kf8 
57. Ra7 Kg8 58. Rxa6 Nd2 59. Kxg5 Kf7 60. Ra7+ Ke6 61. Ra5 Ne4+ 62. Kg6 b4 
63. Rb5 Kd6 64. Rxb4 Nf2 65. h4 Kd5 66. Rb2 Nh3 67. Kf5 Ng1 68. Kg4 Ke5 
69. Rg2 Ne2 70. Rxe2+ Kd4 71. h5 Kc3 72. h6 Kb3 73. Rh2 Kc4 74. h7 Kb3 
75. h8=Q Kb4 76. Qd4+ Kb5 77. Rc2 Ka5 78. Rb2 Ka6 79. Qb6# 1-0

[Event "Sunday 21 January Rapid Engine Tour 12+1 Rounds 9 Starts 1600 ST"]
[Site "Infinity Chess"]
[Date "2018.1.21"]
[Round "7"]
[White "Prometheus"]
[Black "Stabels"]
[Result "1/2-1/2"]
[ECO "A05"]
[WhiteElo "2420"]
[BlackElo "2460"]
[WhiteEngine "Eman 1.58-64bit-IDeA"]
[BlackEngine "asmFishW_2018-01-12_bmi2"]
[EventType "Swiss"]
[WhiteTeam ""]
[BlackTeam ""]
[PlyCount "105"]
[TimeControl "720+1"]

1. Nf3 Nf6 2. c4 e6 3. d4 d5 4. Nc3 c6 5. e3 Nbd7 6. Bd3 dxc4 7. Bxc4 b5 
8. Bd3 Bb7 9. a3 Bd6 10. Qc2 a6 11. b4 a5 12. Rb1 axb4 13. axb4 Qe7 14. O-O Bxb4 
15. e4 Bxc3 16. Qxc3 h6 17. Qe1 O-O 18. e5 Nd5 19. Qe4 f5 20. exf6 N7xf6 
21. Qe1 Nd7 22. Qe4 N5f6 23. Qh4 c5 24. Bxb5 Bxf3 25. gxf3 Qf7 26. Kh1 Rab8 
27. dxc5 Nxc5 28. Qh3 Nd5 29. Rg1 Qxf3+ 30. Qxf3 Rxf3 31. Bxh6 Rb7 32. Bd3 Ra7 
33. Bg6 Rxf2 34. Bg5 Nd7 35. Bh4 Rf8 36. Rbe1 Nf4 37. Be7 Nxg6 38. Rxg6 Rf7 
39. Rgxe6 Nf6 40. Bxf6 Rxf6 41. h3 Kh7 42. R6e2 Ra3 43. h4 g6 44. Rh2 Kg8 
45. Re8+ Kf7 46. Rhe2 Ra1+ 47. Kh2 Kg7 48. R2e7+ Rf7 49. h5 Rxe7 50. Rxe7+ Kf6 
51. Rh7 g5 52. Rb7 g4 53. Kg3 1/2-1/2

[Event "Sunday 21 January Rapid Engine Tour 12+1 Rounds 9 Starts 1600 ST"]
[Site "Infinity Chess"]
[Date "2018.1.21"]
[Round "7"]
[White "Thinker"]
[Black "SkyPilot"]
[Result "0-1"]
[ECO "B90"]
[WhiteElo "2428"]
[BlackElo "2444"]
[WhiteEngine "BrainFish_180113_x64_modern_CTG"]
[BlackEngine "stockfish_x64_bmi2_2018_01_13_CTG"]
[EventType "Swiss"]
[WhiteTeam ""]
[BlackTeam ""]
[PlyCount "202"]
[TimeControl "720+1"]

1. e4 c5 2. Nf3 d6 3. d4 cxd4 4. Nxd4 Nf6 5. Nc3 a6 6. Be3 e5 7. Nb3 Be6 
8. h3 Be7 9. f4 O-O 10. Qf3 exf4 11. Bxf4 Nbd7 12. O-O-O Rc8 13. Kb1 Qb6 
14. g4 Ne5 15. Qg3 Ng6 16. Bd2 Rfe8 17. g5 Rxc3 18. Qxc3 Nxe4 19. Qe3 Qxe3 
20. Bxe3 d5 21. Bd3 Nh4 22. Bxe4 dxe4 23. Nd4 Bc8 24. b3 h6 25. gxh6 g6 
26. c3 Kh7 27. Rdf1 f6 28. Rf4 f5 29. Rg1 Bf6 30. Rff1 b5 31. Rg3 Be5 
32. Rgg1 Bf6 33. Rg3 Rd8 34. a3 Rg8 35. Rg5 a5 36. b4 axb4 37. axb4 Re8 
38. Rgg1 Rg8 39. Kb2 g5 40. Ra1 Kxh6 41. Ra8 Rd8 42. Nxb5 Nf3 43. Rg2 Ne5 
44. Kc1 f4 45. Bb6 Rg8 46. Rh2 Nc4 47. Bd4 Kg6 48. Bxf6 Kxf6 49. Nd4 Ke5 
50. Nc6+ Kd6 51. Nd4 f3 52. Rf2 Rf8 53. Kd1 Ke5 54. Ke1 Nb6 55. Rb8 Rf6 
56. Rd2 g4 57. hxg4 Bxg4 58. Rf2 Nc4 59. b5 Kf4 60. Ne2+ Ke3 61. Ng3 Ne5 
62. Nf1+ Kf4 63. Rd2 Bh3 64. Rh8 Bxf1 65. Kxf1 Rb6 66. Rd5 Ng4 67. Ke1 f2+ 
68. Ke2 f1=Q+ 69. Kxf1 Ne3+ 70. Kf2 Nxd5 71. Rh4+ Ke5 72. Rh5+ Ke6 73. c4 Nf6 
74. Rg5 Rd6 75. Ke1 Rd3 76. Rg2 Rc3 77. Rb2 Rxc4 78. b6 Rc8 79. b7 Rb8 
80. Rb4 Kd5 81. Kd2 Kc6 82. Rc4+ Kxb7 83. Ke3 Re8 84. Rc5 Kb6 85. Rg5 Kc6 
86. Rg6 Re6 87. Ke2 Kc5 88. Rg1 Nd5 89. Rc1+ Kd4 90. Rd1+ Ke5 91. Re1 Ra6 
92. Kf2 Kf4 93. Rc1 Ra2+ 94. Kg1 Kg3 95. Kh1 Ne3 96. Rb1 Nf5 97. Rc1 Kh3 
98. Kg1 e3 99. Kf1 Rh2 100. Ra1 Ng3+ 101. Ke1 Rh1# 0-1

[Event "Sunday 21 January Rapid Engine Tour 12+1 Rounds 9 Starts 1600 ST"]
[Site "Infinity Chess"]
[Date "2018.1.21"]
[Round "7"]
[White "ocirema"]
[Black "star99"]
[Result "1/2-1/2"]
[ECO "B90"]
[WhiteElo "2451"]
[BlackElo "2444"]
[WhiteEngine "stockfish_18011309_x64_modern_CTG"]
[BlackEngine "Cryptic AIL V1"]
[EventType "Swiss"]
[WhiteTeam ""]
[BlackTeam ""]
[PlyCount "89"]
[TimeControl "720+1"]

1. e4 c5 2. Nf3 d6 3. d4 cxd4 4. Nxd4 Nf6 5. Nc3 a6 6. Be3 e5 7. Nb3 Be7 
8. Be2 Be6 9. Qd3 Nc6 10. a3 Rc8 11. Nd5 O-O 12. O-O Nd7 13. Qd2 h6 14. h3 Bg5 
15. Bxg5 Qxg5 16. Qxg5 hxg5 17. Rad1 g6 18. Rd2 Rfd8 19. Rfd1 Kf8 20. Bg4 f5 
21. Bf3 a5 22. a4 b6 23. exf5 gxf5 24. Kf1 Kf7 25. Ne3 Nf6 26. Rxd6 Rxd6 
27. Rxd6 e4 28. Be2 Ke7 29. Rd2 f4 30. Ng4 Bxb3 31. cxb3 Nxg4 32. Bxg4 Rd8 
33. Rc2 Ne5 34. Bf5 Rd4 35. Rc3 Kf6 36. Bc8 Rd1+ 37. Ke2 Rb1 38. Bb7 Rxb2+ 
39. Kf1 Rb1+ 40. Ke2 Kf5 41. Bc8+ Kf6 42. Bb7 Rb2+ 43. Kf1 Kf5 44. Bc8+ Kf6 
45. Bb7 1/2-1/2

[Event "Sunday 21 January Rapid Engine Tour 12+1 Rounds 9 Starts 1600 ST"]
[Site "Infinity Chess"]
[Date "2018.1.21"]
[Round "7"]
[White "incredible"]
[Black "Deep_Impact"]
[Result "1/2-1/2"]
[ECO "E40"]
[WhiteElo "2447"]
[BlackElo "2508"]
[WhiteEngine "Stockfish_x64_bmi2"]
[BlackEngine "BrainFish_180113_x64_modern"]
[EventType "Swiss"]
[WhiteTeam ""]
[BlackTeam ""]
[PlyCount "58"]
[TimeControl "720+1"]

1. d4 Nf6 2. c4 e6 3. Nc3 Bb4 4. e3 O-O 5. Nge2 d5 6. a3 Be7 7. cxd5 exd5 
8. Nf4 c6 9. Bd3 Bd6 10. O-O Re8 11. Qc2 Nbd7 12. f3 Nf8 13. h3 Ng6 
14. Nxg6 hxg6 15. e4 c5 16. Nxd5 Nxd5 17. dxc5 Bc7 18. exd5 Qxd5 19. Rd1 Qd4+ 
20. Qf2 Bh2+ 21. Kf1 Qa4 22. Bg5 Bd7 23. g4 Bc7 24. Kg1 Bc6 25. Rac1 Re5 
26. Bc2 Qb5 27. Bd3 Qa4 28. Bc2 Qb5 29. Bd3 Qa4 1/2-1/2

[Event "Sunday 21 January Rapid Engine Tour 12+1 Rounds 9 Starts 1600 ST"]
[Site "Infinity Chess"]
[Date "2018.1.21"]
[Round "7"]
[White "MarioDeMonti"]
[Black "OlivierEvan"]
[Result "1-0"]
[ECO "C42"]
[WhiteElo "2451"]
[BlackElo "2413"]
[WhiteEngine "stockfish_x64_bmi2_2018_01_13_CTG"]
[BlackEngine "Houdini 6"]
[EventType "Swiss"]
[WhiteTeam ""]
[BlackTeam ""]
[PlyCount "193"]
[TimeControl "720+1"]

1. e4 e5 2. Nf3 Nf6 3. Nxe5 d6 4. Nf3 Nxe4 5. d4 d5 6. Bd3 Nc6 7. O-O Be7 
8. c4 Nb4 9. Be2 O-O 10. Nc3 Be6 11. Ne5 c5 12. Nxe4 dxe4 13. d5 Bc8 14. a3 Na6 
15. f3 Bd6 16. f4 Qc7 17. g3 Bh3 18. Rf2 Rae8 19. Ng4 Bxg4 20. Bxg4 Nb8 
21. Be2 f5 22. Be3 Nd7 23. Qd2 a6 24. Raf1 Nf6 25. h3 Rb8 26. a4 Qd7 27. a5 h6 
28. Rg2 h5 29. Qe1 Kf7 30. Qf2 Rbc8 31. b4 Qe7 32. Rc1 Rc7 33. b5 axb5 
34. cxb5 g6 35. Bc4 Rcc8 36. Ra1 Kg7 37. Kh2 Ra8 38. Rgg1 Nd7 39. Kh1 Rfe8 
40. Ra3 Rh8 41. Bd2 Kh7 42. Qe3 Rhe8 43. Rg2 Rf8 44. Bc1 Nf6 45. Qf2 Bc7 
46. a6 Bd6 47. Qe1 Rfe8 48. Qc3 b6 49. Bb2 Rf8 50. Qe3 Rae8 51. Ra1 Rd8 
52. g4 hxg4 53. hxg4 fxg4 54. Rf1 Rh8 55. Kg1 Kg7 56. Rxg4 Rh6 57. f5 Rdh8 
58. Qc3 g5 59. Rxg5+ Kf7 60. Rg6 Ne8 61. Kf2 Rh2+ 62. Ke1 Qh4+ 63. Kd1 Rxb2 
64. Qxb2 e3 65. Be2 Qa4+ 66. Kc1 Rh4 67. Rfg1 Rc4+ 68. Bxc4 Qxc4+ 69. Qc2 Qd4 
70. R6g2 Bf4 71. Kb1 e2 72. Qxe2 Be5 73. Qf3 Qa1+ 74. Kc2 Qb2+ 75. Kd1 Qb1+ 
76. Kd2 Qb2+ 77. Ke1 Qb1+ 78. Qd1 Qb4+ 79. Rd2 Bc3 80. Qh5+ Ke7 81. d6+ Nxd6 
82. Qh7+ Nf7 83. f6+ Bxf6 84. a7 Bh4+ 85. Ke2 Qxb5+ 86. Qd3 Qc6 87. Rg8 Qh1 
88. a8=Q Qe1+ 89. Kf3 Ne5+ 90. Kg2 Nxd3 91. Qe8+ Kf6 92. Qg6+ Ke5 93. Re8+ Kf4 
94. Qf7+ Bf6 95. Qxf6+ Kg4 96. Rg8+ Kh5 97. Qg5# 1-0

[Event "Sunday 21 January Rapid Engine Tour 12+1 Rounds 9 Starts 1600 ST"]
[Site "Infinity Chess"]
[Date "2018.1.21"]
[Round "7"]
[White "RonWeasley"]
[Black "Ninja_Bp"]
[Result "1-0"]
[ECO "C53"]
[WhiteElo "2488"]
[BlackElo "2462"]
[WhiteEngine "BrainFish 130117_CTG"]
[BlackEngine "Houdini 6_CTG"]
[EventType "Swiss"]
[WhiteTeam ""]
[BlackTeam ""]
[PlyCount "235"]
[TimeControl "720+1"]

1. e4 e5 2. Nf3 Nc6 3. Bc4 Bc5 4. c3 Nf6 5. d3 d6 6. Bb3 O-O 7. Nbd2 h6 
8. O-O a6 9. Re1 Re8 10. h3 Be6 11. Bxe6 Rxe6 12. b4 Ba7 13. a4 Qd7 14. Qc2 Rd8 
15. Nf1 Ree8 16. b5 Ne7 17. c4 Ng6 18. Ng3 Ra8 19. Rd1 axb5 20. cxb5 d5 
21. Bd2 Re6 22. Rdb1 c6 23. b6 Bb8 24. a5 Ra6 25. Bb4 Re8 26. Nd2 Nf4 
27. Nb3 Ne6 28. Nf5 Kh7 29. Qc1 Nh5 30. g3 Nf6 31. Qe3 Ng8 32. Qf3 d4 33. h4 g6 
34. Nd6 Bxd6 35. Bxd6 f6 36. Bb4 h5 37. Rc1 Rea8 38. Kg2 Qe8 39. Qe2 Nh6 
40. f3 Nf7 41. Qc2 Qd7 42. Rf1 Re8 43. Rae1 Raa8 44. Qc4 Ra6 45. Bd2 Rc8 
46. Rc1 Re8 47. Qb4 Kg7 48. Rce1 Raa8 49. Ra1 Ra6 50. f4 exf4 51. Bxf4 Qe7 
52. Qxe7 Rxe7 53. Ra4 Ne5 54. Bxe5 fxe5 55. Ra2 Rf7 56. Rc1 Rf8 57. Rca1 Rf7 
58. Rc1 Rf8 59. Rcc2 Re8 60. Rf2 Re7 61. Rac2 Nf8 62. Rc4 Ne6 63. Rc1 Ra8 
64. Ra2 Ra6 65. Kh3 Re8 66. Rf2 Re7 67. Ra2 Re8 68. Rf2 Re7 69. Kg2 Ra8 
70. Rcf1 Ra6 71. Rf3 Ra8 72. R1f2 Ra6 73. Kf1 Ra8 74. Ke1 Rd7 75. Kd1 c5 
76. Kc2 c4 77. dxc4 Rc8 78. Kd3 Re7 79. Rf1 Rc6 80. R3f2 Kg8 81. Rc1 Kg7 
82. c5 Re8 83. Ra2 Rec8 84. a6 bxa6 85. Rac2 g5 86. b7 Rb8 87. Na5 Rc7 
88. c6 gxh4 89. gxh4 Nf4+ 90. Kd2 Ne6 91. Rf1 Nd8 92. Kd3 Kh8 93. Rf5 Nxc6 
94. Rxh5+ Kg8 95. Nxc6 Rbxb7 96. Rxe5 Rg7 97. Kxd4 Rg1 98. Ne7+ Kf8 99. Rc8+ Kf7 
100. Nf5 Rd1+ 101. Ke3 Re1+ 102. Kf4 Rd1 103. Ree8 Kf6 104. Rc6+ Kf7 
105. Rh8 Rdb1 106. e5 Rf1+ 107. Kg5 Rxf5+ 108. Kxf5 Re7 109. Rh7+ Ke8 
110. Rxe7+ Kxe7 111. Rxa6 Kd7 112. h5 Kc7 113. h6 Kb8 114. Rf6 Ka7 115. h7 Kb7 
116. h8=Q Kc7 117. Qg7+ Kd8 118. Rf8# 1-0

[Event "Sunday 21 January Rapid Engine Tour 12+1 Rounds 9 Starts 1600 ST"]
[Site "Infinity Chess"]
[Date "2018.1.21"]
[Round "7"]
[White "Murx"]
[Black "hafaba"]
[Result "1-0"]
[ECO "A22"]
[WhiteElo "2518"]
[BlackElo "2452"]
[WhiteEngine "BrainFish_180113_x64_modern"]
[BlackEngine "Stockfish SL FA POPCNT_CTG"]
[EventType "Swiss"]
[WhiteTeam ""]
[BlackTeam ""]
[PlyCount "195"]
[TimeControl "720+1"]

1. c4 e5 2. Nc3 Nf6 3. Nf3 Nc6 4. g3 d5 5. cxd5 Nxd5 6. Bg2 Nb6 7. O-O Be7 
8. d3 O-O 9. Be3 Bg4 10. Rc1 Re8 11. Re1 Qd7 12. a3 h6 13. Ne4 Bxf3 14. Bxf3 Nd4 
15. Bg2 Rad8 16. b4 c6 17. Bd2 Qg4 18. Nc5 Bxc5 19. bxc5 Nd5 20. Rc4 Rd7 
21. e3 Qxd1 22. Rxd1 Ne6 23. Rb1 f5 24. Bh3 Ne7 25. Bf1 Nd5 26. Bc1 f4 
27. e4 Nf6 28. f3 fxg3 29. hxg3 Rc7 30. Bb2 Nd7 31. Rbc1 g5 32. Bh3 h5 
33. Kf2 g4 34. fxg4 Ng5 35. Rh1 Nxh3+ 36. Rxh3 hxg4 37. Rh5 Rcc8 38. d4 Re7 
39. Rh4 Kf7 40. Rxg4 Rh8 41. Kf3 Rh1 42. Rg5 Kf6 43. Kg4 Rb1 44. Rc2 exd4 
45. Rf2+ Ke6 46. Bxd4 Rh7 47. Rg6+ Ke7 48. Rf5 Rb3 49. Bg7 Re3 50. Kf4 Rxa3 
51. g4 Rah3 52. Be5 Nxe5 53. Kxe5 Rg3 54. g5 Kd7 55. Rd6+ Ke8 56. g6 Re7+ 
57. Kf6 a5 58. e5 a4 59. e6 Rg1 60. Rd4 Re1 61. Rxa4 R1xe6+ 62. Kg5 Rg7 
63. Rf6 Ke7 64. Rxe6+ Kxe6 65. Kh6 Rg8 66. Kh7 Rd8 67. g7 Kd5 68. Ra5 Kc4 
69. g8=Q+ Rxg8 70. Kxg8 Kb4 71. Ra7 Kxc5 72. Rxb7 Kd4 73. Rd7+ Ke5 74. Rc7 Kd6 
75. Rc8 Kd7 76. Ra8 Ke6 77. Ra5 Kd6 78. Rh5 Ke6 79. Kg7 Kd6 80. Kf6 c5 
81. Re5 c4 82. Kf5 c3 83. Re3 c2 84. Rc3 Kd5 85. Rxc2 Kd4 86. Re2 Kc4 
87. Re5 Kd3 88. Re4 Kc2 89. Re3 Kd1 90. Ke4 Kc2 91. Kf3 Kb1 92. Ke2 Kc2 
93. Rf3 Kc1 94. Kd3 Kb2 95. Kd2 Ka1 96. Rb3 Ka2 97. Kc2 Ka1 98. Ra3# 1-0

[Event "Sunday 21 January Rapid Engine Tour 12+1 Rounds 9 Starts 1600 ST"]
[Site "Infinity Chess"]
[Date "2018.1.21"]
[Round "6"]
[White "SkyPilot"]
[Black "Eman"]
[Result "1/2-1/2"]
[ECO "C55"]
[WhiteElo "2443"]
[BlackElo "2467"]
[WhiteEngine "stockfish_x64_bmi2_2018_01_13_CTG"]
[BlackEngine "Eman 1.65 64-bit POPCNT"]
[EventType "Swiss"]
[WhiteTeam ""]
[BlackTeam ""]
[PlyCount "90"]
[TimeControl "720+1"]

1. e4 e5 2. Nf3 Nc6 3. Bc4 Nf6 4. d3 Bc5 5. O-O a5 6. c3 d6 7. Re1 O-O 
8. Nbd2 Be6 9. Bb5 Ne7 10. d4 Ba7 11. Nf1 exd4 12. Nxd4 Ng6 13. Ba4 h6 
14. Be3 Bc8 15. Ng3 Ng4 16. Ngf5 Bxf5 17. Nxf5 Nxe3 18. Nxe3 Qh4 19. Bc2 Ne5 
20. Qe2 Bxe3 21. Qxe3 Rfe8 22. a4 Ng4 23. Qg3 Qxg3 24. hxg3 h5 25. Bd3 Kf8 
26. f3 Ne5 27. Bb5 Red8 28. Be2 g6 29. Red1 Nd7 30. Rd4 Kg7 31. Bd1 Kf8 
32. Kf2 Ke7 33. Rd2 Ra7 34. Rd4 Nc5 35. Rd2 Rb8 36. Ke3 Ra6 37. Be2 Rb6 
38. Ra2 Nb3 39. Rd1 Rf8 40. Bb5 c6 41. Bc4 f5 42. Ra3 Nc5 43. Ra2 Nb3 
44. Ra3 Nc5 45. Ra2 Nb3 1/2-1/2

[Event "Sunday 21 January Rapid Engine Tour 12+1 Rounds 9 Starts 1600 ST"]
[Site "Infinity Chess"]
[Date "2018.1.21"]
[Round "6"]
[White "KhalidOmar"]
[Black "angriff"]
[Result "1/2-1/2"]
[ECO "A40"]
[WhiteElo "2453"]
[BlackElo "2448"]
[WhiteEngine "Eman 1.65 64-bit BMI2"]
[BlackEngine "Raubfisch ME262_GTZ16b2_CTG"]
[EventType "Swiss"]
[WhiteTeam ""]
[BlackTeam ""]
[PlyCount "94"]
[TimeControl "720+1"]

1. d4 c6 2. e4 d5 3. e5 c5 4. Nf3 cxd4 5. Nxd4 Nc6 6. c4 e6 7. Nc3 Bc5 
8. Nxc6 bxc6 9. cxd5 cxd5 10. b4 Be7 11. Rb1 Bd7 12. Be3 a5 13. b5 Rc8 
14. Qg4 Bf8 15. Bd2 Nh6 16. Qf4 Bb4 17. Nd1 g5 18. Qd4 Nf5 19. Qb2 Bxd2+ 
20. Qxd2 Qc7 21. Be2 Qxe5 22. O-O h6 23. Bd3 Qd4 24. Ne3 Nxe3 25. fxe3 Qc3 
26. Qe2 Qe5 27. b6 Ke7 28. b7 Rc3 29. Bb5 Bxb5 30. Qxb5 Qxe3+ 31. Kh1 Rb8 
32. Qxa5 Qc5 33. Qa6 d4 34. Qe2 d3 35. Qh5 d2 36. Qxf7+ Kd6 37. Rfd1 Qe3 
38. h3 Rc7 39. Qf1 Rcxb7 40. Rxd2+ Qxd2 41. Rd1 Rb2 42. Rxd2+ Rxd2 43. Qa6+ Kd7 
44. Qa7+ Kc8 45. Qa6+ Kd7 46. Qa7+ Kc8 47. Qa6+ Kd7 1/2-1/2

[Event "Sunday 21 January Rapid Engine Tour 12+1 Rounds 9 Starts 1600 ST"]
[Site "Infinity Chess"]
[Date "2018.1.21"]
[Round "6"]
[White "Stabels"]
[Black "Marsell"]
[Result "1/2-1/2"]
[ECO "C58"]
[WhiteElo "2460"]
[BlackElo "2457"]
[WhiteEngine "asmFishW_2018-01-12_bmi2"]
[BlackEngine "asmFishW_2018-01-11_popcnt"]
[EventType "Swiss"]
[WhiteTeam ""]
[BlackTeam ""]
[PlyCount "111"]
[TimeControl "720+1"]

1. e4 e5 2. Nf3 Nc6 3. Bc4 Nf6 4. Ng5 d5 5. exd5 Na5 6. Bb5+ c6 7. dxc6 bxc6 
8. Bd3 Nd5 9. h4 h6 10. Qh5 Qf6 11. Ne4 Qe6 12. Ng5 Qf6 13. Ne4 Qe6 14. Be2 Nf4 
15. Qf3 Be7 16. d3 Nxe2 17. Qxe2 f5 18. Ned2 c5 19. b3 e4 20. Nc3 exd3 
21. cxd3 Nc6 22. O-O O-O 23. Nf3 Qf7 24. Ba3 Ba6 25. Rfe1 Bf6 26. Rac1 Rfe8 
27. Qd2 Rad8 28. Rxe8+ Qxe8 29. Re1 Qf7 30. Na4 c4 31. Qc1 cxb3 32. Qxc6 Bb7 
33. Qb5 Bxf3 34. gxf3 bxa2 35. Bb2 Bxb2 36. Nxb2 Kh7 37. Ra1 Rd4 38. Qe5 Rxh4 
39. Nc4 Qh5 40. Kg2 Rh3 41. Nd2 Rh4 42. d4 Qg5+ 43. Qg3 Qf6 44. Rxa2 f4 
45. Ne4 fxg3 46. Nxf6+ gxf6 47. fxg3 Rxd4 48. Rxa7+ Kg6 49. g4 Rd5 50. Kg3 Rb5 
51. Ra8 h5 52. f4 hxg4 53. Kxg4 f5+ 54. Kf3 Kf7 55. Ra3 Rb1 56. Ra7+ 1/2-1/2

[Event "Sunday 21 January Rapid Engine Tour 12+1 Rounds 9 Starts 1600 ST"]
[Site "Infinity Chess"]
[Date "2018.1.21"]
[Round "6"]
[White "Katzenmaier"]
[Black "Prometheus"]
[Result "1/2-1/2"]
[ECO "C25"]
[WhiteElo "2435"]
[BlackElo "2419"]
[WhiteEngine "S_XPrO.251117.x64.POPCNT_CTG"]
[BlackEngine "Eman 1.58-64bit-IDeA"]
[EventType "Swiss"]
[WhiteTeam ""]
[BlackTeam ""]
[PlyCount "68"]
[TimeControl "720+1"]

1. e4 e5 2. Nc3 Bc5 3. g3 Nf6 4. Bg2 O-O 5. Nge2 a5 6. O-O Re8 7. d4 exd4 
8. Nxd4 d6 9. h3 a4 10. Rb1 c6 11. a3 Nbd7 12. b4 axb3 13. Nxb3 Qb6 
14. Nxc5 Qxc5 15. Rb3 Ne5 16. Be3 Qa5 17. Bb6 Qa6 18. a4 Be6 19. Rb1 Qc4 
20. Bd4 Bxh3 21. Bxh3 Qxd4 22. Qxd4 Nf3+ 23. Kg2 Nxd4 24. Rxb7 Nxc2 25. Rd1 Nxe4 
26. Nxe4 Rxe4 27. Rxd6 Ne1+ 28. Kf1 Nf3 29. Ra7 Rb8 30. Bf5 Rc4 31. Kg2 Ne1+ 
32. Kf1 Nf3 33. Kg2 Ne1+ 34. Kf1 Nf3 1/2-1/2

[Event "Sunday 21 January Rapid Engine Tour 12+1 Rounds 9 Starts 1600 ST"]
[Site "Infinity Chess"]
[Date "2018.1.21"]
[Round "6"]
[White "BraveDevil"]
[Black "star99"]
[Result "1/2-1/2"]
[ECO "A50"]
[WhiteElo "2395"]
[BlackElo "2446"]
[WhiteEngine "Cryptic AIL V1"]
[BlackEngine "Cryptic AIL V1"]
[EventType "Swiss"]
[WhiteTeam ""]
[BlackTeam ""]
[PlyCount "58"]
[TimeControl "720+1"]

1. d4 Nf6 2. c4 c6 3. Nc3 d5 4. Nf3 e6 5. Bg5 h6 6. Bh4 dxc4 7. e4 g5 8. Bg3 b5 
9. Be2 Bb7 10. O-O Nbd7 11. Ne5 Bg7 12. Nxd7 Nxd7 13. Bd6 a6 14. a4 Bf8 
15. Bxf8 Kxf8 16. e5 c5 17. axb5 axb5 18. Rxa8 Qxa8 19. dxc5 Bd5 20. Nxd5 Qxd5 
21. Qxd5 exd5 22. Rd1 Ke7 23. Rxd5 Ke6 24. Rd6+ Ke7 25. f4 gxf4 26. Rd5 Ke6 
27. Rd6+ Ke7 28. Rd5 Ke6 29. Rd6+ Ke7 1/2-1/2

[Event "Sunday 21 January Rapid Engine Tour 12+1 Rounds 9 Starts 1600 ST"]
[Site "Infinity Chess"]
[Date "2018.1.21"]
[Round "6"]
[White "incredible"]
[Black "Thinker"]
[Result "1/2-1/2"]
[ECO "D30"]
[WhiteElo "2448"]
[BlackElo "2427"]
[WhiteEngine "Stockfish_x64_bmi2"]
[BlackEngine "BrainFish_180113_x64_modern_CTG"]
[EventType "Swiss"]
[WhiteTeam ""]
[BlackTeam ""]
[PlyCount "76"]
[TimeControl "720+1"]

1. d4 d5 2. c4 e6 3. Nf3 Nf6 4. Nc3 Be7 5. Bf4 O-O 6. e3 Nbd7 7. c5 c6 8. Bd3 b6 
9. b4 a5 10. a3 Nh5 11. Be5 f6 12. Bd6 Bxd6 13. cxd6 g6 14. h4 Ng7 15. h5 gxh5 
16. Qc2 f5 17. Na4 Nb8 18. Rb1 axb4 19. axb4 Ba6 20. Ne5 Bxd3 21. Nxd3 Ra6 
22. b5 cxb5 23. Nc3 Qxd6 24. Nxb5 Qd7 25. Ne5 Qd8 26. Nc7 Ra7 27. Nb5 Ra6 
28. Nd3 Nd7 29. Nf4 Ra8 30. O-O Nf6 31. Rfc1 Ng4 32. Qd2 Qh4 33. Nh3 Rfc8 
34. f3 Nf6 35. Nc7 Ra7 36. Nb5 Raa8 37. Nc7 Ra7 38. Nb5 Raa8 1/2-1/2